 Dungeon Crawl Stone Soup version 0.21-a0-2-ge494091 (webtiles) character file.

179 tilp the Firebug (level 5, -2/38 HPs)
             Began as a Hill Orc Fire Elementalist on May 21, 2017.
             Slain by an orc priest
             ... wielding a +0 flail
              (8 damage)
             ... on level 3 of the Dungeon.
             The game lasted 00:11:39 (2854 turns).

tilp the Firebug (Hill Orc Fire Elementalist)       Turns: 2854, Time: 00:11:40

Health: -2/38      AC:  2    Str: 11    XL:     5   Next: 59%
Magic:  3/8        EV: 12    Int: 16    God:
Gold:   85         SH:  0    Dex: 11    Spells: 5/9 levels left

rFire    . . .     SeeInvis .   o - +0 war axe
rCold    . . .     Gourm    .   (no shield)
rNeg     . . .     Faith    .   a - +0 robe
rPois    .         Spirit   .   (no helmet)
rElec    .         Reflect  .   (no cloak)
rCorr    .         Harm     .   (no gloves)
MR       .....                  (no boots)
Stlth    ++........             (no amulet)
Regen    0.2/turn               (no ring)
MPRegen  0.2/turn               (no ring)

@: no status effects
A: no striking features
a: Convert to Beogh


You were on level 3 of the Dungeon.
You were not hungry.

You visited 1 branch of the dungeon, and saw 3 of its levels.

You collected 85 gold pieces.

Inventory:

Hand Weapons
 o - a +0 war axe (weapon)
Missiles
 f - 113 stones (quivered)
Armour
 a - a +0 robe (worn)
Wands
 n - a wand of polymorph (24/24)
Scrolls
 i - a scroll of magic mapping
 j - a scroll of recharging
 l - a scroll of enchant weapon {unknown}
Potions
 d - 2 potions of heal wounds {unknown}
 e - 3 potions of mutation
 h - 2 potions of lignification {unknown}
 k - 2 potions of curing {unknown}
 m - a potion of might {unknown}
Books
 b - a book of Flames

   Spells                             Type                      Level
   a - Flame Tongue                   Conjuration/Fire             1
   b - Throw Flame                    Conjuration/Fire             2
   c - Conjure Flame                  Conjuration/Fire             3
   d - Inner Flame                    Hexes/Fire                   3
   e - Sticky Flame                   Conjuration/Fire             4
   f - Fireball                       Conjuration/Fire             5
Comestibles
 c - 2 bread rations
 g - 4 chunks of flesh


   Skills:
 - Level 1.5 Dodging
 - Level 1.5 Stealth
 * Level 2.6 Spellcasting
 * Level 2.7 Conjurations
 * Level 5.0 Fire Magic


You had 5 spell levels left.
You knew the following spells:

 Your Spells              Type           Power        Failure   Level  Hunger
a - Flame Tongue          Conj/Fire      ##...        4%          1    #......
b - Conjure Flame         Conj/Fire      ##......     12%         3    ###....


Dungeon Overview and Level Annotations

Branches:
Dungeon (3/15)

Altars:
Sif Muna

Portals:
Sewer: D:3


Message History

The flame tongue hits the orc priest.
The orc priest is moderately wounded.
The orc priest barely misses you.
Casting: Flame Tongue
Confirm with . or Enter, or press ? or * to list all spells.
Aiming: Flame Tongue
Press: ? - help, Shift-Dir - straight line, f/p - orc priest
Aim: an orc priest, wielding a flail (moderately wounded)
The flame tongue hits the orc priest.
The orc priest is severely wounded.
The orc priest threatens, "By the altar or by the axe, you will meet Beogh!"
Casting: Flame Tongue
Confirm with . or Enter, or press ? or * to list all spells.
Aiming: Flame Tongue
Press: ? - help, Shift-Dir - straight line, f/p - orc priest
Aim: an orc priest, wielding a flail (severely wounded)
The flame tongue hits the orc priest.
The orc priest is almost dead.
The orc priest hits you with a flail!
You die...

*,*,,,* *,* *,,,,,,,* *,*****
##+#* *,**,**,* *,* ##...##
*,**,,*,* *,*** ##.....##
*,***,*,* *,*,** ##.......##
*#.....,,*
*,,,,***#.........#***.....,,,*
,,,,,,,,+.........+,,,....*,*,*
*,,,,***#.........#***...**,*,*
*,*,** *#......@#* *..**,*,,*
,,*** ##..>oo## *.#**,,*,* ,**
##)..o.#####.###.##,* ,*
##.........oo..o..,* ,*
#.#######.####.##** ,*
#.#≈≈≈≈≈#......# ,*
##.'≈≈∩≈≈#.###### ,*
*######..#≈≈≈≈≈#.# ,***
*........#######.##


You could see an orc priest and 2 orcs.

Vanquished Creatures
  Jessica (D:2)
  4 gnolls (D:2)
  5 adders
  A worm (D:2)
  5 dart slugs
  A leopard gecko (D:1)
  4 giant cockroaches
  9 goblins
  5 hobgoblins
  A quokka (D:2)
  6 bats
  A frilled lizard (D:1)
  10 kobolds
  9 rats
  A plant (D:1)
63 creatures vanquished.

Notes
Turn   | Place    | Note
-------+----------+-------------------------------------------
     0 | D:1      | tilp the Hill Orc Fire Elementalist began the quest for the Orb.
     0 | D:1      | Reached XP level 1. HP: 14/14 MP: 3/3
   149 | D:1      | Reached XP level 2. HP: 20/20 MP: 0/4
   439 | D:1      | Reached skill level 4 in Fire Magic
   927 | D:1      | Reached XP level 3. HP: 26/26 MP: 2/5
  1477 | D:1      | Learned a level 3 spell: Conjure Flame
  1754 | D:2      | Noticed Jessica
  1837 | D:2      | Killed Jessica
  1837 | D:2      | Reached XP level 4. HP: 33/33 MP: 1/7
  2151 | D:2      | Reached skill level 5 in Fire Magic
  2151 | D:2      | Reached XP level 5. HP: 31/38 MP: 4/8
  2391 | D:2      | Found a deep blue altar of Sif Muna.
  2708 | D:3      | Found a glowing drain.
  2854 | D:3      | Slain by an orc priest

Vault maps used:
D:1:      minmay_arrival_stair_chambers, serial_bayou_lagoon_a,
          minmay_misc_feat_four_crosses
D:2:      led_sif_pool, first_bread, grunt_ministairs_9, minmay_pentomino_w2,
          uniq_jessica
D:3:      gup_sewer_entry_glass, minmay_goblin_outpost, uniq_natasha

Skill      XL: |  1  2  3  4 |
---------------+-------------+-----
Fire Magic     | 4 5 |  5.0
Spellcasting   | 2 |  2.6
Conjurations   | 2 |  2.7
Dodging        | |  1.5
Stealth        | |  1.5

Action                   |  1- 3 |  4- 6 || total
-------------------------+-------+-------++-------
Melee: Unarmed           |     1 |       ||     1
       Mace              |    76 |       ||    76
       Club              |     8 |       ||     8
       War axe           |       |    44 ||    44
Throw: Stone             |    40 |    28 ||    68
 Cast: Flame Tongue      |    51 |    46 ||    97
  Use: Scroll            |       |     4 ||     4
  Eat: Chunk             |     2 |     2 ||     4
       Bread ration      |     1 |       ||     1
Armor: Robe              |     9 |    26 ||    35
Dodge: Dodged            |    52 |    56 ||   108
